 Dungeon Crawl Stone Soup version 0.31-a0-4-gefa6de2278 (webtiles) character file.

Game seed: 17057943513227980938

1514 2FriedEggs the Destroyer (level 8, 57/57 HPs)
             Began as a Demigod Conjurer on May 4, 2023.
             Quit the game on level 6 of the Dungeon.
             The game lasted 00:09:31 (7149 turns).

2FriedEggs the Destroyer (Demigod Conjurer)         Turns: 7149, Time: 00:09:32

Health: 57/57      AC:  8    Str:  8    XL:     8   Next: 28%
Magic:  17/17      EV: 17    Int: 28    God:
Gold:   295        SH:  0    Dex: 12    Spells: 8/15 levels left

rFire   + . .        d - +0 dagger
rCold   . . .        (no shield)
rNeg    . . .        s - +2 robe {rF+}
rPois   .            (no helmet)
rElec   .            G - +2 cloak
rCorr   .            H - +0 pair of gloves
SInv    +            (no boots)
Will    .....        (no amulet)
Stlth   ++           h - ring of see invisible
HPRegen 0.29/turn    A - +5 ring of evasion
MPRegen 0.15/turn

%: no passive effects
@: no status effects
A: high MP 1, forlorn, divine attributes
a: no special abilities


You were on level 6 of the Dungeon.
You visited 2 branches of the dungeon, and saw 8 of its levels.

You collected 430 gold pieces.
You spent 135 gold pieces at shops.

Inventory:

Hand Weapons
 d - a +0 dagger (weapon)
Missiles
 e - 2 throwing nets
 f - 7 boomerangs
 j - 3 atropa-tipped darts
 q - 9 poisoned darts
Armour
 p - a +0 ring mail of positive energy
 s - a +2 robe of fire resistance (worn)
 G - a +2 cloak (worn)
 H - a +0 pair of gloves (worn)
Jewellery
 h - a ring of see invisible (left hand)
 A - a +5 ring of evasion (right hand)
Wands
 l - a wand of flame (23)
 r - a wand of charming (11)
Scrolls
 c - 3 scrolls of identify
 m - 4 scrolls of enchant armour
 t - a scroll of noise
 u - a scroll of magic mapping
 v - 2 scrolls of teleportation
 w - a scroll of butterflies
 y - a scroll of fear
 E - a scroll of enchant weapon
 I - a scroll of poison {unknown}
Potions
 a - 2 potions of haste {unknown}
 b - a potion of magic
 g - a potion of invisibility {unknown}
 i - 4 potions of curing
 k - a potion of degeneration {unknown}
 n - 2 potions of flight {unknown}
 o - 2 potions of lignification {unknown}
 x - a potion of brilliance {unknown}
 z - 2 potions of might
 B - a potion of heal wounds {unknown}
 C - a potion of cancellation {unknown}
 D - a potion of ambrosia {unknown}
 F - a potion of attraction {unknown}


   Skills:
 - Level 1.7 Dodging
 - Level 1.7 Stealth
 - Level 4.0 Spellcasting
 + Level 8.8 Conjurations
 - Level 4.0 Translocations


You had 8 spell levels left.
You knew the following spells:

 Your Spells              Type           Power      Damage    Failure   Level
a - Magic Dart            Conj           100%       1d8       1%          1
b - Searing Ray           Conj           100%       2d8       1%          2
c - Iskenderun's Mystic   Conj/Tloc      41%        2d9       5%          4

Your spell library contained the following spells:

 Spells                   Type           Power      Damage    Failure   Level
 Dazzling Flash           Conj/Hex       60%        N/A       3%          3
 Fulminant Prism          Conj/Hex       15%        3d10      12%         4


Dungeon Overview and Level Annotations

Branches:
Dungeon (7/15)             Temple (1/1) D:4

Shops:
D:1 *   D:4 *

Annotations:
D:2 1 runed translucent door, Crazy Yiuf


Innate Abilities, Weirdness & Mutations

You have an increased reservoir of magic. (+10% MP)
You shall have no god before yourself.
Your divine heritage dramatically boosts your attributes as you level up.


Message History

A wight comes into view. It is wielding a +1 mace.
Unknown command.
Casting: Magic Dart (safe; 1% risk of failure)
Confirm with . or Enter, or press ? or * to list all spells.
Aiming: Magic Dart (safe; 1% risk of failure)
Press: ? - help, Shift-Dir - straight line, f - orc priest
Aim: an orc priest, wielding a +0 club (moderately wounded, 100% to hit)
The magic dart hits the orc priest.
The orc priest is heavily wounded.
The orc priest calls down the wrath of Beogh upon you.
Beogh smites you!
Casting: Magic Dart (safe; 1% risk of failure)
Confirm with . or Enter, or press ? or * to list all spells.
Aiming: Magic Dart (safe; 1% risk of failure)
Press: ? - help, Shift-Dir - straight line, f/p - orc priest
Aim: an orc priest, wielding a +0 club (heavily wounded, 100% to hit)
The magic dart hits the orc priest.
The orc priest is severely wounded.
The orc priest invokes the aid of Beogh against you.
Pain shoots through your body!
A wight comes into view. It is wielding a +0 spear.
Casting: Magic Dart (safe; 1% risk of failure)
Confirm with . or Enter, or press ? or * to list all spells.
Aiming: Magic Dart (safe; 1% risk of failure)
Press: ? - help, Shift-Dir - straight line, f/p - orc priest
Aim: an orc priest, wielding a +0 club (severely wounded, 100% to hit)
The magic dart hits the orc priest.
You kill the orc priest!
Unknown command.
You climb upwards.
There is a stone staircase leading down here.
You start resting.
Magic restored.
You start resting.
HP restored.
There is an open door here.
There is a stone staircase leading down here.
Welcome back, 2FriedEggs the Demigod Conjurer.
Press ? for a list of commands and other information.
Are you sure you want to abandon this character and quit the game? (Confirm with "yes".)

#####.....#......................
#.....#........#.#.#.#.......
#.....#'######...............
#..............#.#.#.#.......
#......................######
#####..............#.....#.......
...................#.....#.......
...................#.....#.......
................@..#.....#.......
...................#.....#.......
...................#.....########
###'################.....###..###
.#....# #.............#. .#....#
#.............#. .'....#
#.)..)........#. .#....#
#.....).......#. ##'######
##..##...##...##


There were no monsters in sight!

Vanquished Creatures
  Menkaure (D:4)
  A sky beast (D:7)
  2 ogres
  A centaur (D:7)
  Blork the orc (D:4)
  A kobold brigand (D:6)
  3 bullfrogs (D:7)
  3 scorpions
  A howler monkey (D:5)
  A jelly (D:6)
  2 hounds
  2 orc priests
  A sleepcap (D:4)
  3 orc wizards (D:7)
  10 adders
  4 gnolls (D:7)
  5 white imps
  2 worms (D:2)
  14 orcs
  10 endoplasms
  2 giant cockroaches
  6 hobgoblins
  2 jackals (D:3)
  4 quokkas
  8 ball pythons
  3 bats
  3 frilled lizards
  5 goblins
  8 kobolds
  3 rats (D:2)
112 creatures vanquished.

Vanquished Creatures (others)
  A fungus (D:5)
1 creature vanquished.

Grand Total: 113 creatures vanquished

Notes
Turn   | Place    | Note
-------+----------+-------------------------------------------
     0 | D:1      | 2FriedEggs the Demigod Conjurer began the quest for the
                  | Orb.
     0 | D:1      | Reached XP level 1. HP: 14/14 MP: 5/5
   235 | D:1      | Found Ciexaike's Assorted Antiques.
   360 | D:1      | Reached XP level 2. HP: 20/20 MP: 4/8
  1157 | D:2      | Found a runed translucent door.
  1158 | D:2      | Noticed Crazy Yiuf
  1194 | D:2      | Learned a level 2 spell: Searing Ray
  1413 | D:2      | Reached XP level 3. HP: 26/26 MP: 3/10
  2369 | D:3      | Reached XP level 4. HP: 33/33 MP: 5/12
  2844 | D:3      | Reached skill level 4 in Conjurations
  3137 | D:4      | Reached XP level 5. HP: 13/38 MP: 2/14
  3142 | D:4      | Learned a level 4 spell: Iskenderun's Mystic Blast
  3316 | D:4      | Noticed Blork the orc
  3325 | D:4      | Killed Blork the orc
  3326 | D:4      | Reached skill level 1 in Translocations
  3488 | D:4      | Found a staircase to the Ecumenical Temple.
  3530 | Temple   | Entered the Ecumenical Temple
  3696 | D:4      | Reached skill level 5 in Conjurations
  3696 | D:4      | Reached XP level 6. HP: 45/45 MP: 6/15
  3993 | D:4      | Found Oruw Wis's Assorted Antiques.
  3996 | D:4      | Bought a scroll labelled TIHOPT ALOM for 27 gold pieces
  3996 | D:4      | Bought a scroll labelled WEMUONOISH for 27 gold pieces
  3996 | D:4      | Bought a scroll labelled WAEDI GUAPPEID for 27 gold pieces
  3996 | D:4      | Bought a scroll labelled WEMUONOISH for 27 gold pieces
  3996 | D:4      | Bought a scroll labelled UXUSHY NEHIVVO for 27 gold pieces
  4333 | D:4      | Noticed Menkaure
  4345 | D:4      | Killed Menkaure
  4617 | D:5      | Entered Level 5 of the Dungeon
  4748 | D:5      | Reached XP level 7. HP: 46/50 MP: 5/16
  4916 | D:5      | Reached skill level 6 in Conjurations
  5034 | D:5      | Identified the +1 ring mail "Ugecus" {Will+}
  5936 | D:6      | Reached skill level 7 in Conjurations
  6684 | D:7      | Reached XP level 8. HP: 55/57 MP: 10/17
  6775 | D:7      | Reached skill level 8 in Conjurations
  7149 | D:6      | Quit the game

Illustrated notes

Levels and vault maps discovered:
D:1:      dpeg_arrival_court, layout_rooms, serial_shops,
          nicolae_shop_pleasant_corner_grove, minivault_19,
          minmay_tree_intersection
D:2:      layout_basic, uniq_crazy_yiuf_cottage
D:3:      layout_loops_ring
D:4:      layout_gridville, temple_doors_ab, serial_shops,
          nicolae_shop_real_fake_doors, uniq_blork_the_orc, uniq_menkaure
D:5:      layout_basic, lemuel_tele_altar, mainiacjoe_overflow_boulevard
D:6:      layout_gridville, serial_glass, glass_columns_a, glass_columns_a,
          glass_columns_a, glass_columns_c, glass_columns_b
D:7:      layout_rooms, palyth_temple_overflow_mages
Temple:   nicolae_temple_two_arcs

Skill      XL: |  1  2  3  4  5  6  7  8 |
---------------+-------------------------+-----
Spellcasting   | 2 3 4 |  4.0
Conjurations   | 4 5 7 8 |  8.8
Translocations | 2 3 4 |  4.0
Dodging        | |  1.7
Stealth        | |  1.7

Action                     |  1- 3 |  4- 6 |  7- 9 || total
---------------------------+-------+-------+-------++-------
  Melee: Dagger            |    13 |       |    12 ||    25
   Cast: Magic Dart        |    93 |   132 |   153 ||   378
         Searing Ray       |       |     3 |       ||     3
         Iskenderun's Myst |       |       |     2 ||     2
    Use: Scroll            |       |     6 |     4 ||    10
 Armour: Robe              |     4 |     4 |    14 ||    22
         Leather armour    |       |     6 |       ||     6
  Dodge: Dodged            |     6 |    15 |    65 ||    86

Table legend: (Time is in decaauts)
 A = Elapsed time spent in this place.
 B = Non-inter-level travel time spent in this place.
 C = Inter-level travel time spent in this place.
 D = Time resting spent in this place.
 E = Time spent auto-exploring this place.
 F = Levels seen in this place.
 G = Mean time per level.
                   A        B        C        D        E       F      G
               +--------+--------+--------+--------+--------+-----+--------+
         Total |   7147 |   6908 |    239 |    388 |   5747 |   8 |  893.4 |
       Dungeon |   7131 |   6898 |    233 |    388 |   5739 |   7 | 1018.7 |
        Temple |     16 |     10 |      6 |      0 |      8 |   1 |   16.0 |
               +--------+--------+--------+--------+--------+-----+--------+

Top non-repeatable levels by time:
     D:4: 1503 daAuts
     D:2: 1196 daAuts
     D:3: 1133 daAuts
     D:6: 1049 daAuts
     D:1: 765 daAuts
     D:5: 761 daAuts
     D:7: 721 daAuts
  Temple: 16 daAuts
